 Dungeon Crawl Stone Soup version 0.28.0-1-gb440e238dd (webtiles) character file.

Game seed: 15521826192489710922

409 fragbeetle the Archer (level 6, -3/50 HPs)
             Began as a Minotaur Hunter on Feb 24, 2022.
             Slain by a bullfrog (4 damage)
             ... while paralysed by Grinder
             ... on level 5 of the Dungeon.
             The game lasted 00:03:50 (2951 turns).

fragbeetle the Archer (Minotaur Hunter)             Turns: 2951, Time: 00:03:51

Health: -3/50      AC:  0    Str: 17    XL:     6   Next: 58%
Magic:  5/5        EV:  3    Int:  8    God:
Gold:   181        SH:  0    Dex: 12    Spells: 5/5 levels left

rFire   . . .      SeeInvis .   (weapon currently unavailable)
rCold   . . .      Faith    .   (shield currently unavailable)
rNeg    . . .      Spirit   .   (armour currently unavailable)
rPois   .          Reflect  .   (helmet currently unavailable)
rElec   .          Harm     .   (cloak currently unavailable)
rCorr   .          Rampage  .   (gloves currently unavailable)
Will    .....                   (boots currently unavailable)
Stlth   ++........              (no amulet)
HPRegen 0.16/turn               (ring currently unavailable)
MPRegen 0.09/turn               (ring currently unavailable)

@: paralysed, pig-form (expiring), very quick
A: fast, no casting, small, (horns 2), (retaliatory headbutt)
a: no special abilities


You were on level 5 of the Dungeon.
You were a filthy swine.
You visited 1 branch of the dungeon, and saw 6 of its levels.

You collected 181 gold pieces.

Inventory:

Hand Weapons
 a - a +1 shortbow
 b - a +0 short sword (melded)
Missiles
 d - 39 arrows
 s - 6 poisoned darts (quivered)
Armour
 h - a +0 cloak (melded)
 m - the +1 ring mail of Sin (melded) {rF+ Will+ Dex+3}
   (You found it on level 2 of the Dungeon)

   Dex:       It affects your dexterity (+3).
   rF:        It protects you from fire.
   Will:      It increases your willpower.
 o - a +0 pair of gloves (melded)
 u - a +0 pair of boots (melded)
Jewellery
 j - an amulet of guardian spirit
Scrolls
 c - 2 scrolls of blinking {unknown}
 e - 2 scrolls of teleportation {unknown}
 k - 4 scrolls of identify {unknown}
 p - a scroll of noise {unknown}
 q - a scroll of holy word {unknown}
 t - a scroll of enchant armour {unknown}
Potions
 f - a potion of berserk rage {unknown}
 g - 2 potions of attraction {unknown}
 i - a potion of mutation {unknown}
 l - a potion of resistance {unknown}
 n - a potion of curing {unknown}
 r - a potion of flight {unknown}


   Skills:
 - Level 2.6 Fighting
 + Level 8.6 Bows
 - Level 2.3 Dodging
 - Level 1.0 Stealth


You had 5 spell levels left.
You didn't know any spells.
Your spell library contained the following spells:

 Spells                   Type           Power      Damage    Failure   Level
 Apportation              Tloc           0%         N/A       41%         1
 Stone Arrow              Conj/Erth      0%         3d7       78%         3
 Animate Armour           Summ/Erth      0%         N/A       99%         4
 Passage of Golubria      Tloc           0%         N/A       99%         4
 Alistair's Intoxication  Tmut/Pois      0%         N/A       100%        5
 Silence                  Hex/Air        0%         N/A       100%        5
 Lehudib's Crystal Spear  Conj/Erth      0%         10d2      100%        8


Dungeon Overview and Level Annotations

Branches:
Dungeon (6/15)
 Temple: D:4-7

Altars:

Shops:
D:2 [

Annotations:
D:4 2 transporters, Dowan; Duvessa; mitchisshort's ghost, amateur OgBe
D:5 Grinder


Innate Abilities, Weirdness & Mutations

You are a filthy swine.
You move quickly.
Your equipment is almost entirely melded.
You are incapable of wielding weapons or throwing items.
You cannot cast spells.
((You have a pair of horns on your head.))
((You reflexively headbutt those who attack you in melee.))


Message History

Grinder gestures at you. You resist with some effort.
You puncture the orc!
The orc is almost dead.
The orc hits you with a +0 falchion.
Grinder blinks!
You hit the orc.
You kill the orc!
Grinder zaps a wand.
You turn into a filthy swine.
Your +0 short sword melds into your body.
Your +0 cloak melds into your body.
Your +0 pair of gloves melds into your body.
Your +0 pair of boots melds into your body.
The +1 ring mail of Sin {rF+ Will+ Dex+3} melds into your body.
The now-empty wand crumbles to dust.
There is a stone staircase leading down here.
You climb downwards.
The bullfrog croaks.
You hear a shout!
Found 23 stones and a scale mail.
There is a stone staircase leading up here.
The bullfrog hits you.
You climb upwards.
Level annotation: Grinder
There is a stone staircase leading down here.
The bullfrog barely misses you.
Your transformation is almost over.
The bullfrog hits you. Grinder gestures at you.
You suddenly lose the ability to move!
The bullfrog hits you! The bullfrog hits you. x4
* * * LOW HITPOINT WARNING * * *
The bullfrog completely misses you.
Grinder blinks!
The bullfrog hits you.
* * * LOW HITPOINT WARNING * * *
The bullfrog hits you.
* * * LOW HITPOINT WARNING * * *
The bullfrog hits you.
* * * LOW HITPOINT WARNING * * *
Grinder hits you.
* * * LOW HITPOINT WARNING * * *
The bullfrog hits you.
You die...

...>.....##
#....# .#......##
###.#.##
.......## #...#.#
.###....##
#.###.### .
..##...##.###...$
.<.#...........#
.............##
............5###
............h..#
#.#.....!...F..#
..$.........####
............#
............#
.......)....#
.........>..#
....#.#######
......


You could see Grinder and a bullfrog.

Vanquished Creatures
  Sigmund (D:2)
  2 scorpions
  A hound (D:4)
  A hound zombie (D:5)
  3 gnolls (D:4)
  2 adders (D:2)
  A dart slug (D:3)
  An orc (D:5)
  6 ball pythons
  4 endoplasms
  3 giant cockroaches
  5 goblins
  4 hobgoblins
  3 jackals (D:1)
  3 quokkas
  2 bats
  4 frilled lizards
  3 kobolds
  5 rats
54 creatures vanquished.

Notes
Turn   | Place    | Note
-------+----------+-------------------------------------------
     0 | D:1      | fragbeetle the Minotaur Hunter began the quest for the Orb.
     0 | D:1      | Reached XP level 1. HP: 18/18 MP: 0/0
    37 | D:1      | Reached skill level 1 in Stealth
   124 | D:1      | Reached XP level 2. HP: 25/25 MP: 1/1
   265 | D:1      | Found a faded altar of an unknown god.
   343 | D:1      | Reached skill level 5 in Bows
   613 | D:2      | Reached XP level 3. HP: 30/30 MP: 2/2
   784 | D:2      | Found Tyraesk's Antique Armour Shop.
   810 | D:2      | Identified the +1 ring mail of Sin {rF+ Will+ Dex+3}
  1322 | D:2      | Noticed Sigmund
  1329 | D:2      | Killed Sigmund
  1330 | D:2      | Reached skill level 7 in Bows
  1330 | D:2      | Reached XP level 4. HP: 37/37 MP: 3/3
  1330 | D:2      | Reached XP level 5. HP: 42/42 MP: 4/4
  2511 | D:4      | Reached XP level 6. HP: 40/50 MP: 5/5
  2519 | D:4      | Reached skill level 8 in Bows
  2645 | D:4      | Identified the +4 great mace "Tazobama" {elec, Dex+4}
  2645 | D:4      | Noticed mitchisshort's ghost (amateur OgBe)
  2647 | D:4      | Found a transporter.
  2651 | D:4      | Found a transporter.
  2816 | D:4      | Noticed Dowan
  2817 | D:4      | Noticed Duvessa
  2856 | D:5      | Entered Level 5 of the Dungeon
  2925 | D:5      | Noticed Grinder
  2945 | D:5      | Paralysed by Grinder for 7 turns
  2951 | D:5      | HP: 1/50 [Grinder (6)]
  2951 | D:5      | Slain by a bullfrog

Illustrated notes

Levels and vault maps discovered:
D:1:      lemuel_arrival_rhombus, layout_rooms,
          hellmonk_ecumenical_altar_pennies_from_heaven, st_stairs_9
D:2:      layout_basic, serial_shops, nicolae_shop_overgrown_old_shop,
          uniq_sigmund
D:3:      layout_loops_ring, kennysheep_generic_room_13
D:4:      layout_loops_ring, gammafunk_ghost_smash, guppyfry_early_orc_mine,
          uniq_duvessa, uniq_edmund
D:5:      layout_rooms, minmay_temple_entry_nine_rooms, nrook_campfire,
          uniq_prince_ribbit1, uniq_grinder
D:6:      hangedman_cross_stitches, layout_rooms,
          nicolae_sif_muna_little_library

Skill      XL: |  1  2  3  4  5  6 |
---------------+-------------------+-----
Stealth        | 1 |  1.0
Bows           | 5 7 8 |  8.6
Fighting       | |  2.6
Dodging        | |  2.3

Action                   |  1- 3 |  4- 6 || total
-------------------------+-------+-------++-------
Melee: Short sword       |    32 |    55 ||    87
       Headbutt          |     6 |     8 ||    14
       Punch             |       |     1 ||     1
 Fire: Shortbow          |    30 |    25 ||    55
Armor: Leather armour    |     8 |       ||     8
       Ring mail         |     3 |    29 ||    32
Dodge: Dodged            |    31 |    35 ||    66
